 Dungeon Crawl Stone Soup version 0.30-a0-373-gd37427bb62 (webtiles) character file.

Game seed: 12966448154404536150

228 Raultor the Changer (level 6, -1/38 HPs)
             Began as an Octopode Transmuter on Nov 23, 2022.
             Slain by an iguana (11 damage)
             ... on level 4 of the Dungeon.
             The game lasted 00:05:44 (2556 turns).

Raultor the Changer (Octopode Transmuter)           Turns: 2556, Time: 00:05:45

Health: -1/38      AC:  1    Str: 11    XL:     6   Next: 2%
Magic:  8/9        EV: 13    Int: 16    God:
Gold:   160        SH:  0    Dex: 12    Spells: 3/9 levels left

rFire   . . .      SeeInvis .      - Unarmed
rCold   . . .      Faith    .    (no shield)
rNeg    . . .      Spirit   .    (helmet currently unavailable)
rPois   .          Reflect  .    b - amulet of regeneration
rElec   .          Harm     .    (no ring)
rCorr   .          Rampage  .    (no ring)
Will    .....                    (no ring)
Stlth   ++........               (no ring)
HPRegen 1.06/turn                (no ring)
MPRegen 0.11/turn                (no ring)
                                 (no ring)
                                 (no ring)

@: appendages
A: tentacle spike 3, almost no armour, amphibious, 8 rings, camouflage 1,
gelatinous body 1, (nimble swimmer 1), tentacles
a: End Transformation


You were on level 4 of the Dungeon.
One of your tentacles had grown a beastly spike.
You visited 1 branch of the dungeon, and saw 4 of its levels.

You collected 160 gold pieces.


Innate Abilities, Weirdness & Mutations

One of your tentacles has grown a beastly spike.
You cannot wear most types of armour.
You are amphibious.
You can wear up to eight rings at the same time.
Your skin changes colour to match your surroundings (Stealth+).
Your rubbery body absorbs attacks. (AC +1, EV +1)
((You are camouflaged when in or above water. (Stealth+)))
You have tentacles for arms and can constrict up to eight enemies at once.


   Skills:
 - Level 1.0 Fighting
 - Level 2.0 Dodging
 - Level 3.0 Unarmed Combat
 - Level 2.0 Spellcasting
 + Level 4.7 Transmutations
 * Level 4.3 Poison Magic


You had 3 spell levels left.
You knew the following spells:

 Your Spells              Type           Power      Damage    Failure   Level
b - Beastly Appendage     Tmut           32%        N/A       3%          1
s - Spider Form           Tmut/Pois      16%        N/A       10%         3
w - Wereblood             Tmut           16%        N/A       4%          2

Your spell library contained the following spells:

 Spells                   Type           Power      Damage    Failure   Level
 Slow                     Hex            4%         N/A       21%         1
 Summon Small Mammal      Summ           4%         N/A       21%         1
 Call Canine Familiar     Summ           1%         N/A       52%         3
 Confusing Touch          Hex            1%         N/A       52%         3
 Summon Guardian Golem    Hex/Summ       1%         N/A       52%         3
 Vampiric Draining        Necr           1%         2d6       52%         3
 Ice Form                 Ice/Tmut       9%         N/A       61%         4

Inventory:

Jewellery
 b - an amulet of regeneration (around mantle)
 l - an amulet of magic regeneration
Wands
 n - a wand of polymorph (4)
 p - a wand of roots (11)
Scrolls
 c - 5 scrolls of identify {unknown}
 d - a scroll of enchant weapon {unknown}
 j - a scroll of magic mapping {unknown}
 k - a scroll of fear {unknown}
 m - 3 scrolls of teleportation {unknown}
 o - a scroll of blinking {unknown}
 q - a scroll of enchant armour {unknown}
Potions
 a - a potion of lignification
 e - a potion of heal wounds {unknown}
 f - 4 potions of curing {unknown}
 g - a potion of brilliance {unknown}
 h - a potion of flight {unknown}
 i - a potion of haste {unknown}

Dungeon Overview and Level Annotations

Branches:
Dungeon (4/15)
 Temple: D:4-7

Altars:
Makhleb

#.#..## #......#
.l.. #....### #...#
#...## ...#.
#...###### ......
#...##...# .....#
#..O##...# ... #.
#....#...# ..
#..#####........#
..#
#..l@######....# ..
....###..# #....#
#. # #.# ##.##
##....# #.##
#...##..# #..####
#..# #.....###)##
#.# #######....#.#
#>####............#
#.##...#######..###
#.##)### ##..###


You could see an iguana.


Message History

Okay, then.
Your transformation is almost over.
Your magical contamination has completely faded away.
You hiss as the wereblood boils in your veins!
You hiss as the wereblood boils in your veins!
You hiss as the wereblood boils in your veins!
Your transformation has ended.
Your primal bloodlust is almost over.
Your primal bloodlust has ended.
Magic restored.
Casting: Spider Form (dangerous; 10% risk of failure)
Confirm with . or Enter, or press ? or * to list all spells.
One of your tentacles grows a vicious spike.
The iguana hisses angrily.
You barely miss the iguana. Your grab misses the iguana. The iguana bites you!
You tentacle-slap the iguana. You grab the iguana.
The iguana is lightly wounded.
You constrict the iguana, but do no damage.
The iguana bites you!
* * * LOW HITPOINT WARNING * * *
You tentacle-slap the iguana but do no damage.
You pierce the iguana.
You squeeze the iguana, but do no damage.
The iguana is heavily wounded.
You constrict the iguana. The iguana bites you!
* * * LOW HITPOINT WARNING * * *
You tentacle-slap the iguana.
Your tentacle spike misses the iguana.
The iguana is severely wounded.
You constrict the iguana. The iguana bites you!
You die...

Skill      XL: |  1  2  3  4  5 |
---------------+----------------+-----
Transmutations | 3 4 |  4.7
Poison Magic   | 1 3 4 |  4.3
Fighting       | |  1.0
Dodging        | |  2.0
Unarmed Combat | |  3.0
Spellcasting   | |  2.0

Action                   |  1- 3 |  4- 6 || total
-------------------------+-------+-------++-------
Melee: Unarmed           |    88 |    60 ||   148
       Tentacles         |    18 |    12 ||    30
       Constrict         |    20 |    16 ||    36
       Punch             |     2 |     4 ||     6
       Kick              |     1 |     6 ||     7
 Cast: Wereblood         |     1 |     3 ||     4
       Beastly Appendage |     1 |     2 ||     3
       Spider Form       |       |     2 ||     2
 Stab: Sleeping          |     7 |     2 ||     9
Armor: Skin              |     9 |     5 ||    14
Dodge: Dodged            |    55 |    27 ||    82

Levels and vault maps discovered:
D:1:      ncdulo_halloftheorcs, layout_basic
D:2:      layout_loops_ring, shapermc_ecumenical_altar_totnotflames,
          minmay_pentomino_t2
D:3:      layout_rooms, lightli_temple_of_fire, uniq_crazy_yiuf_cottage
D:4:      layout_rooms, chequers_temple_overflow_statue_of_worship, uniq_edmund

Notes
Turn   | Place    | Note
-------+----------+-------------------------------------------
     0 | D:1      | Raultor the Octopode Transmuter began the quest for the
                  | Orb.
     0 | D:1      | Reached XP level 1. HP: 13/13 MP: 3/3
   240 | D:1      | Reached XP level 2. HP: 18/18 MP: 5/5
   262 | D:1      | Learned a level 2 spell: Wereblood
   316 | D:1      | Reached skill level 3 in Transmutations
   864 | D:2      | Reached XP level 3. HP: 23/23 MP: 6/6
  1275 | D:2      | Found a faded altar of an unknown god.
  1320 | D:2      | Learned a level 3 spell: Spider Form
  1332 | D:2      | Reached skill level 4 in Transmutations
  1332 | D:2      | Reached skill level 1 in Poison Magic
  1332 | D:2      | Reached XP level 4. HP: 25/28 MP: 4/7
  1338 | D:2      | Reached skill level 2 in Poison Magic
  1864 | D:3      | Found a burning altar of Makhleb.
  1946 | D:3      | Found a runed translucent door.
  1947 | D:3      | Noticed Crazy Yiuf
  1988 | D:3      | Killed Crazy Yiuf
  1989 | D:3      | Reached skill level 3 in Poison Magic
  1989 | D:3      | Reached XP level 5. HP: 21/33 MP: 2/8
  2318 | D:4      | Noticed an ogre
  2318 | D:4      | Noticed an ogre
  2466 | D:4      | Killed an ogre
  2467 | D:4      | Reached skill level 4 in Poison Magic
  2467 | D:4      | Reached XP level 6. HP: 38/38 MP: 0/9
  2556 | D:4      | Slain by an iguana

Vanquished Creatures
  An ogre (D:4)
  Crazy Yiuf (D:3)
  4 gnolls (D:2)
  4 worms
  3 dart slugs
  5 orcs (D:3)
  2 endoplasms
  3 giant cockroaches
  3 goblins
  4 hobgoblins
  A quokka (D:2)
  7 ball pythons
  9 bats
  4 frilled lizards
  3 kobolds
  4 rats
58 creatures vanquished.

Table legend: (Time is in decaauts)
 A = Elapsed time spent in this place.
 B = Non-inter-level travel time spent in this place.
 C = Inter-level travel time spent in this place.
 D = Time resting spent in this place.
 E = Time spent auto-exploring this place.
 F = Levels seen in this place.
 G = Mean time per level.
                   A        B        C        D        E       F      G
               +--------+--------+--------+--------+--------+-----+--------+
         Total |   2547 |   2485 |     62 |     29 |   1982 |   4 |  636.8 |
       Dungeon |   2547 |   2485 |     62 |     29 |   1982 |   4 |  636.8 |
               +--------+--------+--------+--------+--------+-----+--------+

Top non-repeatable levels by time:
     D:2: 886 daAuts
     D:1: 819 daAuts
     D:3: 624 daAuts
     D:4: 216 daAuts

Table legend:
 A = Non-vault XP
 B = Vault XP
 C = Vault XP percentage of total XP
 D = Non-vault monster count
 E = Vault monster count
 F = Vault count percentage of total count
                 A         B        C        D         E       F
            +---------+---------+-------+---------+---------+-------
      Total |     282 |      45 |  13.8 |      55 |       3 |   5.2
            +---------+---------+-------+---------+---------+-------
        D:1 |      26 |       0 |   0.0 |      18 |       0 |   0.0
        D:2 |      90 |       3 |   3.2 |      17 |       2 |  10.5
        D:3 |      34 |      42 |  55.3 |      15 |       1 |   6.2
        D:4 |     132 |       0 |   0.0 |       5 |       0 |   0.0
            +---------+---------+-------+---------+---------+-------
